| TOP OF THE 1ST |
|
Elizabethton Twins batting - Pitching for Detroit (APP) Tigers : RHP John Evancho
|
|
Pitching: RHP John Evancho
|
|
|
Batting: RHB Andrew Nicol
|
0-0: Called Strike 0-1: Ball 1-1: Ball 2-1: Called Strike 2-2: Ball 3-2: Foul Ball, location: 2F 3-2: SINGLE (Groundball, 34D, EV 110.6 MPH)
|
|
Batting: LHB David Campbell
|
0-0: Called Strike 0-1: Fly out, F7 (Flyball, 7LD, EV 104.4 MPH)
|
|
Batting: SHB Dan Morataya
|
0-0: Ball 1-0: Ball 2-0: Called Strike 2-1: Ball 3-1: Swinging Strike 3-2: Base on Balls Andrew Nicol to second
|
|
Batting: SHB Chris Hull
|
0-0: Fly out, F8 (Flyball, 78M, EV 76.9 MPH)
|
|
Batting: RHB Jose Gracia
|
0-0: Ball 1-0: SINGLE (Groundball, 56D, EV 106.9 MPH) Andrew Nicol to third Dan Morataya to second Runner from 3rd tries for Home, SAFE, throw by LF to home
|
|
Batting: RHB Nick Phipps
|
0-0: Called Strike 0-1: Ball 1-1: Ball 2-1: Foul Ball, location: 2F 2-2: Ball 3-2: Ground out 6-3 (Groundball, 56D, EV 86.2 MPH)
|
| Top of the 1st over - 1 run, 2 hits, 0 errors, 2 left on base; Elizabethton 1 - Detroit (APP) 0 |
| BOTTOM OF THE 1ST |
|
Detroit (APP) Tigers batting - Pitching for Elizabethton Twins : RHP Andrew Rich
|
|
Pitching: RHP Andrew Rich
|
|
|
Batting: RHB Jon Goldstein
|
0-0: Ball 1-0: Called Strike 1-1: Foul Ball, location: 2F 1-2: Foul Ball, location: 2F 1-2: Foul Ball, location: 2F 1-2: Foul Ball, location: 2F 1-2: Ball 2-2: Ball 3-2: Base on Balls
|
|
Batting: RHB Mike Sebastian
|
0-0: Ball 1-0: Ball 2-0: Foul Ball, location: 2F 2-1: Swinging Strike 2-2: Grounds into double play, 5-4-3 (Groundball, 56, EV 92.5 MPH)
|
|
Batting: RHB Keith Hoffman
|
0-0: Ball 1-0: Called Strike 1-1: Ball 2-1: Called Strike 2-2: Reached on error, E3 (Groundball, 34, EV 93.8 MPH)
|
|
Pitching: RHP Jon Hice
|
|
|
Batting: SHB Sean Foley
|
0-0: Called Strike 0-1: Ball 1-1: Ball 2-1: Ball 3-1: Called Strike 3-2: Foul Ball, location: 2F 3-2: Strikes out swinging
|
| Bottom of the 1st over - 0 runs, 0 hits, 1 error, 1 left on base; Elizabethton 1 - Detroit (APP) 0 |
| TOP OF THE 2ND |
|
Elizabethton Twins batting - Pitching for Detroit (APP) Tigers : RHP John Evancho
|
|
Batting: RHB Jimmy Mayville
|
0-0: Ball 1-0: Ball 2-0: Ball 3-0: Base on Balls
|
|
Batting: LHB Diego Gutierres
|
0-0: Called Strike 0-1: Ball 1-1: Ball 2-1: Foul Ball, location: 2F 2-2: Foul Ball, location: 2F 2-2: Ball 3-2: Grounds into double play, 4-6-3 (Groundball, 4S, EV 90.6 MPH)
|
|
Batting: RHB Miguel Castella
|
0-0: Called Strike 0-1: Ball 1-1: Called Strike 1-2: Strikes out swinging
|
| Top of the 2nd over - 0 runs, 0 hits, 0 errors, 0 left on base; Elizabethton 1 - Detroit (APP) 0 |
| BOTTOM OF THE 2ND |
|
Detroit (APP) Tigers batting - Pitching for Elizabethton Twins : RHP Jon Hice
|
|
Batting: RHB Jose Evangelista
|
0-0: Foul Ball, location: 2F 0-1: Called Strike 0-2: Ball 1-2: SINGLE (Line Drive, 9S, EV 103.1 MPH)
|
|
Batting: RHB Willie Ochoa
|
0-0: Ball 1-0: Ball 2-0: Ball 3-0: Called Strike 3-1: SINGLE (Groundball, 4MD, EV 106.9 MPH) Jose Evangelista to second Runner from 2nd tries for 3rd, OUT! 8-5
|
|
Batting: RHB Jamie Villagrana
|
0-0: Ball 1-0: Foul Ball, location: 2F 1-1: Ball 2-1: Ball 3-1: Base on Balls Willie Ochoa to second
|
|
Batting: RHB Jeremiah Washington
|
0-0: Fielders Choice at 2nd, 6-4 (Groundball, 6, EV 81.9 MPH) Willie Ochoa to third
|
|
Batting: LHB Steve Herrera
|
0-0: Fly out, F8 (Flyball, 8LM, EV 91.9 MPH)
|
| Bottom of the 2nd over - 0 runs, 2 hits, 0 errors, 2 left on base; Elizabethton 1 - Detroit (APP) 0 |
| TOP OF THE 3RD |
|
Elizabethton Twins batting - Pitching for Detroit (APP) Tigers : RHP John Evancho
|
|
Batting: RHB Andrew Nicol
|
0-0: Foul Ball, location: 2F 0-1: Swinging Strike 0-2: Ball 1-2: Ground out 6-3 (Groundball, 6, EV 109.4 MPH)
|
|
Batting: LHB David Campbell
|
0-0: Called Strike 0-1: Hit by Pitch
|
|
Batting: SHB Dan Morataya
|
0-0: Foul Ball, location: 2F 0-1: Ball 1-1: Called Strike 1-2: Foul Ball, location: 2F 1-2: Ball 2-2: Ball 3-2: Base on Balls David Campbell to second
|
|
Batting: SHB Chris Hull
|
0-0: Called Strike 0-1: Ball 1-1: Swinging Strike 1-2: Foul Ball, location: 2F 1-2: Strikes out swinging
|
|
Batting: RHB Jose Gracia
|
0-0: Fly out, F4 (Popup, 3S, EV 76.9 MPH)
|
| Top of the 3rd over - 0 runs, 0 hits, 0 errors, 2 left on base; Elizabethton 1 - Detroit (APP) 0 |
| BOTTOM OF THE 3RD |
|
Detroit (APP) Tigers batting - Pitching for Elizabethton Twins : RHP Jon Hice
|
|
Batting: RHB Jon Goldstein
|
0-0: Called Strike 0-1: Ball 1-1: Ball 2-1: Ball 3-1: Base on Balls
|
|
Batting: RHB Mike Sebastian
|
0-0: Ball 1-0: Foul Ball, location: 2F 1-1: Called Strike 1-2: Ball 2-2: DOUBLE (Flyball, 89XD, EV 95.0 MPH) Jon Goldstein to third
|
|
Batting: RHB Keith Hoffman
|
0-0: Ball 1-0: Ball 2-0: Ball 3-0: Base on Balls
|
|
Batting: SHB Sean Foley
|
0-0: SINGLE (Groundball, 6D, EV 106.2 MPH) Jon Goldstein scores Mike Sebastian to third Keith Hoffman to second
|
|
Batting: RHB Jose Evangelista
|
0-0: DOUBLE (Line Drive, 9LD, EV 105.6 MPH) Mike Sebastian scores Keith Hoffman scores Sean Foley to third Runner from 3rd tries for Home, SAFE, no throw by RF
|
|
Batting: RHB Willie Ochoa
|
0-0: Ground out 4-3 (Groundball, 4M, EV 100.6 MPH) Jose Evangelista to third
|
|
DELAY
|
Rain delay of 48 minutes in the 3rd inning.
|
|
Pitching: RHP Keith Nix
|
|
|
Batting: RHB Jamie Villagrana
|
0-0: Ball 1-0: Swinging Strike 1-1: Foul Ball, location: 2F 1-2: Ball 2-2: Ball 3-2: Fly out, F3 (Popup, 23F, EV 92.5 MPH)
|
|
Batting: RHB Jeremiah Washington
|
0-0: Ball 1-0: Ground out 5-3 (Groundball, 5L, EV 86.2 MPH)
|
| Bottom of the 3rd over - 4 runs, 3 hits, 0 errors, 1 left on base; Elizabethton 1 - Detroit (APP) 4 |
| TOP OF THE 4TH |
|
Elizabethton Twins batting - Pitching for Detroit (APP) Tigers : RHP John Evancho
|
|
Batting: RHB Nick Phipps
|
0-0: Foul Ball, location: 2F 0-1: Called Strike 0-2: Ball 1-2: Strikes out looking
|
|
Batting: RHB Jimmy Mayville
|
0-0: Called Strike 0-1: Ball 1-1: Called Strike 1-2: Ball 2-2: Ball 3-2: Foul Ball, location: 2F 3-2: Foul Ball, location: 2F 3-2: Foul Ball, location: 2F 3-2: Foul Ball, location: 2F 3-2: SINGLE (Flyball, 89S, EV 97.5 MPH)
|
|
Batting: LHB Diego Gutierres
|
0-0: Ball 1-0: Ball 2-0: Ball 3-0: Base on Balls Jimmy Mayville to second
|
|
Batting: RHB Miguel Castella
|
0-0: Called Strike 0-1: Ball 1-1: Ball 2-1: Ball 3-1: Base on Balls Jimmy Mayville to third Diego Gutierres to second
|
|
Batting: RHB Andrew Nicol
|
0-0: Swinging Strike 0-1: Ball 1-1: Ball 2-1: Ball 3-1: Foul Ball, location: 2F 3-2: Fielders Choice at 2nd, 6-4 (Groundball, 6, EV 88.1 MPH) Jimmy Mayville scores Diego Gutierres to third
|
|
Batting: LHB David Campbell
|
0-0: Called Strike 0-1: SINGLE (Flyball, 8LS, EV 99.4 MPH) Diego Gutierres scores Andrew Nicol to second Runner from 2nd tries for 3rd, SAFE, throw by CF made to third
|
|
Batting: SHB Dan Morataya
|
0-0: Ball Wild Pitch! Andrew Nicol scores David Campbell to second 1-0: Ball 2-0: Ball 3-0: Base on Balls
|
|
Batting: SHB Chris Hull
|
0-0: Ball 1-0: Ball 2-0: Ball 3-0: Called Strike 3-1: Base on Balls David Campbell to third Dan Morataya to second
|
|
Pitching: RHP Scott King
|
|
|
Batting: RHB Jose Gracia
|
0-0: Called Strike 0-1: Ground out 1-3 (Groundball, 15, EV 73.8 MPH)
|
| Top of the 4th over - 3 runs, 2 hits, 0 errors, 3 left on base; Elizabethton 4 - Detroit (APP) 4 |
| BOTTOM OF THE 4TH |
|
Detroit (APP) Tigers batting - Pitching for Elizabethton Twins : RHP Keith Nix
|
|
Batting: LHB Steve Herrera
|
0-0: Called Strike 0-1: Foul Ball, location: 2F 0-2: SINGLE (Groundball, 5, EV 98.1 MPH)
|
|
Batting: RHB Jon Goldstein
|
0-0: Called Strike 0-1: Ball 1-1: Ball 2-1: Ball 3-1: Base on Balls Steve Herrera to second
|
|
Batting: RHB Mike Sebastian
|
0-0: Ball 1-0: Ball 2-0: Called Strike 2-1: Foul Ball, location: 2F 2-2: Ball 3-2: Base on Balls Steve Herrera to third Jon Goldstein to second
|
|
Batting: RHB Keith Hoffman
|
0-0: Called Strike 0-1: Ball 1-1: Swinging Strike 1-2: Ball 2-2: Grounds into fielders choice 4-2 (Groundball, 4, EV 86.9 MPH) Jon Goldstein to third Mike Sebastian to second
|
|
Batting: SHB Sean Foley
|
0-0: Ball 1-0: Foul Ball, location: 2F 1-1: Called Strike 1-2: Ball 2-2: DOUBLE (Line Drive, 3D, EV 98.8 MPH) Jon Goldstein scores Mike Sebastian scores Keith Hoffman to third
|
|
Batting: RHB Jose Evangelista
|
0-0: Swinging Strike 0-1: SINGLE (Groundball, 6, EV 106.2 MPH) Keith Hoffman scores Sean Foley to third Runner from 3rd tries for Home, throw by CF and OUT! 8-2 Jose Evangelista to second
|
|
Batting: RHB Willie Ochoa
|
0-0: Ball 1-0: Ball 2-0: Called Strike 2-1: Foul Ball, location: 2F 2-2: Ball Wild Pitch! Jose Evangelista to third 3-2: Fly out, F8 (Flyball, 8RXD, EV 95.0 MPH)
|
| Bottom of the 4th over - 3 runs, 3 hits, 0 errors, 1 left on base; Elizabethton 4 - Detroit (APP) 7 |
| TOP OF THE 5TH |
|
Elizabethton Twins batting - Pitching for Detroit (APP) Tigers : RHP Scott King
|
|
Batting: RHB Nick Phipps
|
0-0: Swinging Strike 0-1: Swinging Strike 0-2: Strikes out swinging
|
|
Batting: RHB Jimmy Mayville
|
0-0: Ball 1-0: Ball 2-0: Ball 3-0: Base on Balls
|
|
Batting: LHB Diego Gutierres
|
0-0: Foul Ball, location: 2F 0-1: Foul Ball, location: 2F 0-2: Strikes out swinging
|
|
Batting: RHB Miguel Castella
|
0-0: Ball 1-0: Foul Ball, location: 2F 1-1: Swinging Strike 1-2: Strikes out swinging
|
| Top of the 5th over - 0 runs, 0 hits, 0 errors, 1 left on base; Elizabethton 4 - Detroit (APP) 7 |
| BOTTOM OF THE 5TH |
|
Detroit (APP) Tigers batting - Pitching for Elizabethton Twins : RHP Keith Nix
|
|
Batting: RHB Jamie Villagrana
|
0-0: Called Strike 0-1: Ball 1-1: Ball 2-1: Ball 3-1: Base on Balls
|
|
Batting: RHB Jeremiah Washington
|
0-0: Ball 1-0: Ball Jamie Villagrana steals 2nd base 2-0: Fly out, F9 (Line Drive, 9D, EV 92.5 MPH) Runner from 2nd tags up, SAFE at 3rd, no throw by RF
|
|
Batting: LHB Steve Herrera
|
0-0: Ball 1-0: SINGLE (Groundball, 4MD, EV 104.4 MPH) Jamie Villagrana scores
|
|
Batting: RHB Jon Goldstein
|
0-0: Ball 1-0: Ball 2-0: Ball 3-0: Base on Balls Steve Herrera to second
|
|
Batting: RHB Mike Sebastian
|
0-0: Ball Wild Pitch! Steve Herrera to third Jon Goldstein to second Balk! Steve Herrera scores Jon Goldstein to third 1-0: DOUBLE (Line Drive, 8LXD, EV 98.8 MPH) Jon Goldstein scores
|
|
Batting: RHB Keith Hoffman
|
0-0: Ball 1-0: Ball 2-0: Ball 3-0: Base on Balls
|
|
Batting: SHB Sean Foley
|
0-0: Called Strike Keith Hoffman steals 2nd base Mike Sebastian steals 3rd base 0-1: Ball 1-1: Ball 2-1: Ball 3-1: Fly out, F3 (Popup, 34S, EV 72.5 MPH)
|
|
Pitching: RHP Ewan Wijker
|
|
|
Batting: RHB Jose Evangelista
|
0-0: Swinging Strike 0-1: Ball 1-1: Swinging Strike 1-2: Ball 2-2: Foul Ball, location: 2F 2-2: SINGLE (Line Drive, 3D, EV 98.8 MPH) Mike Sebastian scores Keith Hoffman to third
|
|
Batting: RHB Willie Ochoa
|
0-0: Ball 1-0: Ball 2-0: Ball 3-0: Base on Balls Jose Evangelista to second
|
|
Batting: RHB Jamie Villagrana
|
0-0: Ball 1-0: Fielders Choice at 2nd, 5-4 (Groundball, 5L, EV 94.4 MPH)
|
| Bottom of the 5th over - 4 runs, 3 hits, 0 errors, 3 left on base; Elizabethton 4 - Detroit (APP) 11 |
| TOP OF THE 6TH |
|
Elizabethton Twins batting - Pitching for Detroit (APP) Tigers : RHP Scott King
|
|
Batting: RHB Andrew Nicol
|
0-0: Ball 1-0: Called Strike 1-1: Ball 2-1: Swinging Strike 2-2: Ball 3-2: Base on Balls
|
|
Batting: LHB David Campbell
|
0-0: Called Strike 0-1: Ball 1-1: Ball 2-1: Ball 3-1: Swinging Strike 3-2: Base on Balls Andrew Nicol to second
|
|
Batting: SHB Dan Morataya
|
0-0: Ball 1-0: Ball 2-0: Called Strike 2-1: Ball 3-1: DOUBLE (Flyball, 8RXD, EV 108.8 MPH) Andrew Nicol scores David Campbell to third
|
|
Batting: SHB Chris Hull
|
0-0: DOUBLE (Line Drive, 9LM, EV 101.9 MPH) David Campbell scores Dan Morataya scores
|
|
Pitching: RHP Bert Hernandez
|
|
|
Batting: RHB Jose Gracia
|
0-0: Ball 1-0: Ball 2-0: Foul Ball, location: 2F 2-1: Ball 3-1: Base on Balls
|
|
Batting: RHB Nick Phipps
|
0-0: Swinging Strike 0-1: Foul Ball, location: 2F 0-2: Foul Ball, location: 2F 0-2: Foul Ball, location: 2F 0-2: Ball 1-2: Strikes out swinging
|
|
Batting: RHB Jimmy Mayville
|
0-0: Ball 1-0: Grounds into double play, 6-4-3 (Groundball, 6, EV 98.8 MPH)
|
| Top of the 6th over - 3 runs, 2 hits, 0 errors, 1 left on base; Elizabethton 7 - Detroit (APP) 11 |
| BOTTOM OF THE 6TH |
|
Detroit (APP) Tigers batting - Pitching for Elizabethton Twins : RHP Ewan Wijker
|
|
Batting: RHB Jeremiah Washington
|
0-0: SINGLE (Groundball, 34D, EV 108.1 MPH)
|
|
Batting: LHB Steve Herrera
|
0-0: Foul Ball, location: 2F 0-1: Called Strike 0-2: Ball 1-2: Foul Ball, location: 2F 1-2: Foul Ball, location: 2F 1-2: Foul Ball, location: 2F 1-2: Foul Ball, location: 2F 1-2: 2-RUN HOME RUN (Flyball, 89XD, EV 98.8 MPH), Distance : 401 ft
|
|
Batting: RHB Jon Goldstein
|
0-0: DOUBLE (Line Drive, 78D, EV 110.0 MPH)
|
|
Batting: RHB Mike Sebastian
|
0-0: SINGLE (Popup, 3D, EV 46.9 MPH) Jon Goldstein to third
|
|
Batting: RHB Keith Hoffman
|
0-0: SINGLE (Groundball, 6S, EV 95.0 MPH) Jon Goldstein scores Mike Sebastian to second
|
|
Batting: SHB Sean Foley
|
0-0: Ball 1-0: Called Strike 1-1: Fly out, F1 (Line Drive, P, EV 67.5 MPH)
|
|
Batting: RHB Jose Evangelista
|
0-0: SINGLE (Groundball, 34D, EV 102.5 MPH) Mike Sebastian to third Keith Hoffman to second
|
|
Batting: RHB Willie Ochoa
|
0-0: Called Strike 0-1: Called Strike 0-2: Ball 1-2: Hit by Pitch Mike Sebastian scores Keith Hoffman to third Jose Evangelista to second
|
|
Batting: RHB Jamie Villagrana
|
0-0: Ball 1-0: DOUBLE (Line Drive, 9LM, EV 105.0 MPH) Keith Hoffman scores Jose Evangelista scores Willie Ochoa to third
|
|
Pitching: RHP John Giffin
|
|
|
Batting: RHB Jeremiah Washington
|
0-0: Ball 1-0: Foul Ball, location: 2F 1-1: Ball 2-1: Foul Ball, location: 2F 2-2: Fly out, F8 (Flyball, 89XD, EV 93.1 MPH) Runner from 3rd tags up, SCORES, no throw by CF Jamie Villagrana to third
|
|
Batting: LHB Steve Herrera
|
0-0: Swinging Strike 0-1: Foul Ball, location: 2F 0-2: Ball 1-2: Ground out 6-3 (Groundball, 6MS, EV 94.4 MPH)
|
| Bottom of the 6th over - 7 runs, 7 hits, 0 errors, 1 left on base; Elizabethton 7 - Detroit (APP) 18 |
| TOP OF THE 7TH |
|
Elizabethton Twins batting - Pitching for Detroit (APP) Tigers : RHP Bert Hernandez
|
|
Batting: LHB Diego Gutierres
|
0-0: Called Strike 0-1: Ball 1-1: Fly out, F6 (Popup, 6S, EV 71.2 MPH)
|
|
Batting: RHB Miguel Castella
|
0-0: Ball 1-0: Ball 2-0: Called Strike 2-1: Fly out, F8 (Flyball, 89D, EV 95.0 MPH)
|
|
Pinch Hitting: RHB Matthew Dodson
|
0-0: Ground out 6-3 (Groundball, 6, EV 81.2 MPH)
|
| Top of the 7th over - 0 runs, 0 hits, 0 errors, 0 left on base; Elizabethton 7 - Detroit (APP) 18 |
| BOTTOM OF THE 7TH |
|
Detroit (APP) Tigers batting - Pitching for Elizabethton Twins : RHP John Giffin
|
|
Now at 2B: Matthew Dodson
|
|
|
Batting: RHB Jon Goldstein
|
0-0: Swinging Strike 0-1: Ball 1-1: Foul Ball, location: 2F 1-2: Ground out U3 (Groundball, 3, EV 103.8 MPH)
|
|
Pinch Hitting: RHB Adam MacConnell
|
0-0: Called Strike 0-1: Fly out, F9 (Flyball, 89M, EV 82.5 MPH)
|
|
Batting: RHB Keith Hoffman
|
0-0: Ball 1-0: Foul Ball, location: 2F 1-1: Ball 2-1: Foul Ball, location: 2F 2-2: Ball 3-2: Base on Balls
|
|
Batting: SHB Sean Foley
|
0-0: Foul Ball, location: 2F 0-1: Swinging Strike 0-2: Ground out 4-3 (Groundball, 4, EV 86.9 MPH)
|
| Bottom of the 7th over - 0 runs, 0 hits, 0 errors, 1 left on base; Elizabethton 7 - Detroit (APP) 18 |
| TOP OF THE 8TH |
|
Elizabethton Twins batting - Pitching for Detroit (APP) Tigers : RHP Bert Hernandez
|
|
Now at 1B: Adam MacConnell
|
|
|
Now at 2B: Jeremiah Washington
|
|
|
Batting: LHB David Campbell
|
0-0: SINGLE (Groundball, 34D, EV 103.8 MPH)
|
|
Pinch Hitting: RHB Aaron Dusch
|
0-0: Ball 1-0: Called Strike 1-1: Called Strike 1-2: Fielders Choice at 2nd, 6-4 (Groundball, 6, EV 106.9 MPH)
|
|
Pitching: RHP Luis Brown
|
|
|
Batting: SHB Chris Hull
|
0-0: Ball 1-0: Ball 2-0: 2-RUN HOME RUN (Flyball, 89XD, EV 99.4 MPH), Distance : 401 ft
|
|
Pinch Hitting: RHB Jorge Corte
|
0-0: Fly out, F9 (Line Drive, 9, EV 98.1 MPH)
|
|
Pinch Hitting: RHB Ryan Hawkins
|
0-0: Called Strike 0-1: Ball 1-1: Ball 2-1: Swinging Strike 2-2: Foul Ball, location: 2F 2-2: SINGLE (Groundball, 6D, EV 103.8 MPH)
|
|
Batting: RHB Jimmy Mayville
|
0-0: Swinging Strike 0-1: Foul Ball, location: 2F 0-2: Foul Ball, location: 2F 0-2: Strikes out swinging
|
| Top of the 8th over - 2 runs, 3 hits, 0 errors, 1 left on base; Elizabethton 9 - Detroit (APP) 18 |
| BOTTOM OF THE 8TH |
|
Detroit (APP) Tigers batting - Pitching for Elizabethton Twins : RHP John Giffin
|
|
Now at 3B: Ryan Hawkins
|
|
|
Now at SS: Jorge Corte
|
|
|
Now in CF: Aaron Dusch
|
|
|
Batting: RHB Jose Evangelista
|
0-0: Called Strike 0-1: Ball 1-1: Called Strike 1-2: DOUBLE (Flyball, 8RD, EV 92.5 MPH)
|
|
Batting: RHB Willie Ochoa
|
0-0: Swinging Strike 0-1: Called Strike 0-2: 2-RUN HOME RUN (Flyball, 7LD, EV 98.1 MPH), Distance : 352 ft
|
|
Batting: RHB Jamie Villagrana
|
0-0: Ground out 6-3 (Groundball, 56, EV 83.1 MPH)
|
|
Batting: RHB Jeremiah Washington
|
0-0: Ball 1-0: Foul Ball, location: 2F 1-1: Ground out 6-3 (Groundball, 6, EV 103.1 MPH)
|
|
Batting: LHB Steve Herrera
|
0-0: Ground out 5-3 (Groundball, 56S, EV 81.9 MPH)
|
| Bottom of the 8th over - 2 runs, 2 hits, 0 errors, 0 left on base; Elizabethton 9 - Detroit (APP) 20 |
| TOP OF THE 9TH |
|
Elizabethton Twins batting - Pitching for Detroit (APP) Tigers : RHP Luis Brown
|
|
Batting: LHB Diego Gutierres
|
0-0: Fly out, F8 (Flyball, 8RM, EV 77.5 MPH)
|
|
Pinch Hitting: LHB Jiong Shui
|
0-0: Ball 1-0: Foul Ball, location: 2F 1-1: Ball 2-1: Ground out 4-3 (Groundball, 4, EV 81.2 MPH)
|
|
Batting: RHB Matthew Dodson
|
0-0: Called Strike 0-1: Ball 1-1: Foul Ball, location: 2F 1-2: Strikes out looking
|
| Top of the 9th over - 0 runs, 0 hits, 0 errors, 0 left on base; Elizabethton 9 - Detroit (APP) 20 |
|